 Dungeon Crawl Stone Soup version 0.23.2-1-ga50397a (webtiles) character file.

Game seed: 3332759096013035590

32 troglodite the Charmwright (level 3, -1/27 HPs)
             Began as a Demonspawn Skald on May 28, 2019.
             Slain by a scorpion (6 damage)
             ... on level 2 of the Dungeon.
             The game lasted 00:04:53 (1111 turns).

troglodite the Charmwright (Demonspawn Skald)       Turns: 1111, Time: 00:04:54

Health: -1/27      AC:  4    Str: 11    XL:     3   Next: 8%
Magic:  3/6        EV: 12    Int: 14    God:
Gold:   89         SH:  0    Dex: 13    Spells: 2/6 levels left

rFire    . . .     SeeInvis .   a - +0 spear
rCold    . . .     Gourm    .   (no shield)
rNeg     . . .     Faith    .   b - +0 leather armour
rPois    .         Spirit   .   l - +0 helmet
rElec    .         Reflect  .   (no cloak)
rCorr    .         Harm     .   (no gloves)
MR       .....                  (no boots)
Stlth    ++........             (no amulet)
HPRegen  0.09/turn              k - ring of stealth
MPRegen  0.10/turn              (no ring)

@: lethally poisoned (-1 -> -5), infused (expiring)
A: claws 1
a: no special abilities


You were on level 2 of the Dungeon.
You were hungry.

You visited 1 branch of the dungeon, and saw 2 of its levels.

You collected 89 gold pieces.

Inventory:

Hand Weapons
 a - a +0 spear (weapon)
Armour
 b - a +0 leather armour (worn)
 l - a +0 helmet (worn)
Jewellery
 k - a ring of stealth (left claw)
Scrolls
 f - a scroll of enchant weapon {unknown}
 g - 2 scrolls of identify {unknown}
 h - a scroll of immolation {unknown}
 i - a scroll of remove curse {unknown}
 m - a scroll of magic mapping {unknown}
Potions
 c - a potion of might {unknown}
 e - a potion of lignification {unknown}
 j - a potion of ambrosia {unknown}
 n - a potion of agility {unknown}
Comestibles
 d - 3 rations


   Skills:
 * Level 2.2 Fighting
 * Level 2.1 Polearms
 * Level 1.2 Armour
 * Level 1.9 Dodging
 * Level 2.1 Spellcasting
 * Level 3.1 Charms


You had 2 spell levels left.
You knew the following spells:

 Your Spells              Type           Power        Failure   Level  Hunger
a - Infusion              Chrm           ##..         9%          1    #......
b - Spectral Weapon       Hex/Chrm       #.......     43%         3    ###....

Your spell library contained the following spells:

 Spells                   Type           Power        Failure   Level  Hunger
 Song of Slaying          Chrm           ##......     13%         2    ###....
 Shroud of Golubria       Chrm/Tloc      #.........   24%         2    ###....
 Regeneration             Chrm/Necr      #.........   43%         3    ###....


Dungeon Overview and Level Annotations

Branches:
Dungeon (2/15)

Altars:


Innate Abilities, Weirdness & Mutations

You have sharp fingernails.


Message History

You completely miss the scorpion. The scorpion stings you.
* * * LOW HITPOINT WARNING * * *
You are poisoned.
The scorpion poisons you!
You hit the scorpion.
The scorpion is lightly wounded.
* * * LOW HITPOINT WARNING * * *
You feel sick. The scorpion closely misses you.
You closely miss the scorpion.
The scorpion is lightly wounded.
* * * LOW HITPOINT WARNING * * *
You feel sick. The scorpion barely misses you.
You hit the scorpion.
The scorpion is lightly wounded.
The scorpion closely misses you.
You hit the scorpion.
The scorpion is moderately wounded.
Your magical infusion is running out.
The scorpion stings you.
You die...

.# #.# ##.#
##...#########
##............#
###.............#
................#
#........@.....#
#........s.....#
#.............#
.##.............#
........####.####
###.......####
#.#####.#
####.##....#
#..........#


You could see a scorpion.

Vanquished Creatures
  An ooze (D:1)
  2 dart slugs (D:1)
  A bat (D:1)
  A giant cockroach (D:1)
  7 goblins
  2 hobgoblins
  3 kobolds
  A ball python (D:1)
  A frilled lizard (D:1)
  2 rats (D:1)
21 creatures vanquished.

Vanquished Creatures (others)
  4 toadstools (D:1)
4 creatures vanquished.

Grand Total: 25 creatures vanquished

Notes
Turn   | Place    | Note
-------+----------+-------------------------------------------
     0 | D:1      | troglodite the Demonspawn Skald began the quest for the
                  | Orb.
     0 | D:1      | Reached XP level 1. HP: 16/16 MP: 3/3
    43 | D:1      | Reached skill level 1 in Armour
   125 | D:1      | Gained mutation: You have sharp fingernails. [demonic
                  | ancestry]
   125 | D:1      | Reached XP level 2. HP: 15/22 MP: 5/5
   157 | D:1      | Reached skill level 3 in Charms
   882 | D:2      | Reached XP level 3. HP: 18/27 MP: 6/6
   912 | D:2      | Learned a level 3 spell: Spectral Weapon
   974 | D:2      | Noticed a scorpion
  1111 | D:2      | Slain by a scorpion

Skill      XL: |  1  2 |
---------------+-------+-----
Armour         | 1 |  1.2
Charms         | 3 |  3.1
Polearms       | 2 |  2.1
Fighting       | |  2.2
Dodging        | |  1.9
Spellcasting   | |  2.1

Action                   || total
-------------------------++-------
Melee: Spear             ||    85
 Cast: Infusion          ||     2
 Stab: Sleeping          ||     1
Armor: Leather armour    ||    10
Dodge: Dodged            ||    32
